 Dungeon Crawl Stone Soup version 0.31.0-12-g77e489cdc1 (webtiles) character file.

Game seed: 13165703797915582828

3859 Amelense the Unseen (level 10, -7/54 HPs)
             Began as a Kobold Enchanter on Feb 11, 2024.
             Was a Believer of Dithmenos.
             Mangled by a killer bee (11 damage)
             ... on level 8 of the Dungeon.
             The game lasted 01:01:38 (11052 turns).

Amelense the Unseen (Kobold Enchanter)             Turns: 11052, Time: 01:01:39

Health: -7/54      AC:  8    Str:  5    XL:     10   Next: 41%
Magic:  17/18      EV: 21    Int: 16    God:    Dithmenos [**....]
Gold:   301        SH:  0    Dex: 21    Spells: 8/20 levels left

rFire   . . .        I - +1 dagger (speed)
rCold   . . .        N - orb {mayhem}
rNeg    . . .        b - +0 robe
rPois   .            K - +2 helmet
rElec   .            j - +0 cloak
rCorr   .            G - +0 pair of gloves {Stlth+}
SInv    .            w - +0 pair of boots
Will    +....        y - amulet of faith Stlth *+++++++++
                     n - ring of willpower
HPRegen 0.29/turn    r - +5 ring of evasion
MPRegen 0.16/turn

%: mayhem, faith
@: lethally poisoned (-7 -> -10), wreathed by umbra
A: small, no large weapons, nightstalker 3
a: Renounce Religion, Shadow Step


You were on level 8 of the Dungeon.
You worshipped Dithmenos.
Dithmenos was pleased with you.
You visited 2 branches of the dungeon, and saw 9 of its levels.
You also visited: Sewer.

You collected 301 gold pieces.

Inventory:

Hand Weapons
 a - a +1 dagger
 c - the +8 hand axe "Ewimal" {freeze, rF+ Str+3 Int+5}
   (You found it on level 3 of the Dungeon)

   Str+3:     It affects your strength (+3).
   Int+5:     It affects your intelligence (+5).
   rF+:       It protects you from fire.
 h - a +3 dagger
 u - a +3 dagger of venom
 v - a +2 dagger of protection
 x - a +0 dagger of venom
 z - a +1 dagger of draining
 I - a +1 dagger of speed (weapon)
Missiles
 k - 2 throwing nets
 s - 9 poisoned darts
Armour
 b - a +0 robe (worn)
 j - a +0 cloak (worn)
 w - a +0 pair of boots (worn)
 G - a +0 pair of gloves of stealth (worn)
 K - a +2 helmet (worn)
 N - an orb of mayhem (worn)
Magical Staves
 q - a staff of death
Jewellery
 d - an amulet of guardian spirit
 n - a ring of willpower (left hand)
 r - a +5 ring of evasion (right hand)
 y - an amulet of faith (around neck)
 L - a ring of protection from fire
 M - an amulet of the acrobat
Wands
 F - a wand of polymorph (14)
Scrolls
 l - 2 scrolls of revelation
 m - 3 scrolls of teleportation
 p - 4 scrolls of blinking (quivered)
 H - a scroll of identify
 J - a scroll of fear {unknown}
 O - a scroll of vulnerability
Potions
 e - a potion of cancellation {unknown}
 f - a potion of enlightenment {unknown}
 g - 3 potions of brilliance
 i - a potion of attraction {unknown}
 o - a potion of ambrosia {unknown}
 t - a potion of haste {unknown}
 A - a potion of berserk rage
 B - a potion of might {unknown}
 C - a potion of resistance {unknown}
 D - a potion of lignification {unknown}
 E - a potion of degeneration {unknown}


   Skills:
 + Level 2.4 Fighting
 + Level 5.8 Short Blades
 - Level 3.8 Dodging
 * Level 15.2 Stealth
 + Level 5.5 Spellcasting
 + Level 5.7 Hexes
 - Level 3.0 Ice Magic


You had 8 spell levels left.
You knew the following spells:

 Your Spells              Type           Power      Damage    Failure   Level
a - Ensorcelled Hibernat  Hex/Ice        36%        N/A       3%          2
b - Tukima's Dance        Hex            22%        N/A       4%          3
c - Dazzling Flash        Conj/Hex       26%        N/A       13%         3
d - Slow                  Hex            88%        N/A       1%          1
e - Sigil of Binding      Hex            22%        N/A       4%          3

Your spell library contained the following spells:

 Spells                   Type           Power      Damage    Failure   Level
 Confusing Touch          Hex            22%        N/A       4%          3
 Necrotise                Necr           16%        1d4       14%         1
 Gell's Gravitas          Tloc           4%         N/A       41%         3
 Teleport Other           Tloc           4%         N/A       41%         3
 Vampiric Draining        Necr           4%         2d6       41%         3
 Volatile Blastmotes      Fire/Tloc      8%         2d10      41%         3
 Martyr's Knell           Necr/Summ      4%         N/A       82%         4
 Curse of Agony           Necr           4%         N/A       99%         5
 Dispersal                Tloc           2%         N/A       100%        6
 Starburst                Conj/Fire      2%         6d3       100%        6
 Maxwell's Capacitive Co  Air            2%         ∞         100%        8


Dungeon Overview and Level Annotations

Branches:
Dungeon (8/15)             Temple (1/1) D:5           Sewer (visited)
   Lair: D:8-11

Altars:
Ashenzari
Cheibriados
Dithmenos
Fedhas
Gozag
Hepliaklqana
Kikubaaqudgha
Makhleb
Nemelex Xobeh
Okawaru
Qazlal
Ru
Sif Muna
Trog
Uskayaw
Vehumet
Wu Jian
Xom
Yredelemnul
Zin
The Shining One

Shops:
D:4 (


Innate Abilities, Weirdness & Mutations

You are small and have problems with some larger weapons.
You are completely attuned to the shadows.


Message History

You feel sick.
The killer bee attacks as it pursues you!
The killer bee closely misses you. The killer bee barely misses you.
The killer bee stings you.
You are more poisoned.
The killer bee poisons you!
You miss the killer bee.
The killer bee is heavily wounded.
You feel sick. The killer bee barely misses you.
You closely miss the killer bee.
The killer bee is heavily wounded.
You feel sick.
The killer bee stings you but does no damage.
You hit the killer bee.
The killer bee is severely wounded.
You feel sick. The killer bee stings you!
You closely miss the killer bee.
The killer bee is severely wounded.
You feel sick. The killer bee stings you.
* * * LOW HITPOINT WARNING * * *
The killer bee completely misses you.
Casting: Slow (safe; 1% risk of failure)
Confirm with . or Enter, or press ? or * to list all spells.
Aiming: Slow (safe; 1% risk of failure)
Press: ? - help, Shift-Dir - straight line, f - killer bee
Aim: a killer bee (severely wounded, fast, strong, frenzied and wild, umbra, chance to affect: 63%)
The killer bee seems to slow down.
You feel sick. The killer bee completely misses you.
The killer bee closely misses you.
You hit the killer bee.
The killer bee is almost dead.
You feel sick. The killer bee misses you.
You miss the killer bee.
The killer bee is almost dead.
The killer bee stings you!
* * * LOW HITPOINT WARNING * * *
You closely miss the killer bee.
The killer bee is almost dead.
* * * LOW HITPOINT WARNING * * *
You feel sick. The killer bee stings you!
You die...

.. #####..
###.†....
#........
....y##
...†@.# #.
...#..# #..
.####.##...
#......
#......
##.#...
#..##.
####.#
##.##.##


You could see a neutral killer bee (fast, strong, frenzied, slow).

Vanquished Creatures
  The ghost of Couri the Fighter, a novice OnWr of the Shining One (D:7)
  2 orc warriors
  A sky beast (D:7)
  4 black bears
  A phantom (D:5)
  A centaur (D:7)
  A bullfrog (D:6)
  3 kobold brigands (Sewer)
  A brain worm (Sewer)
  3 scorpions
  4 wights (D:7)
  4 killer bees
  A howler monkey (D:7)
  3 bombardier beetles
  3 jellies
  2 orc priests
  4 hounds
  2 sleepcaps
  Terence (D:1)
  Ijyb (D:5)
  3 iguanas (D:6)
  7 orc wizards
  Robin (D:1)
  8 gnolls
  3 river rats
  10 adders
  4 white imps
  A dart slug (D:3)
  8 ribbon worms
  28 orcs
  12 ball pythons
  12 endoplasms
  5 giant cockroaches
  17 goblins
  11 hobgoblins
  4 jackals (D:1)
  5 quokkas
  7 bats
  6 frilled lizards
  20 kobolds
  10 rats
225 creatures vanquished.

Vanquished Creatures (collateral kills)
  2 dancing weapons (D:7)
  An orc warrior (D:7)
  A scorpion (D:7)
  4 wights
  Dowan (D:7)
  A killer bee (D:8)
  6 orcs
16 creatures vanquished.

Vanquished Creatures (others)
  3 dancing weapons
  Duvessa (D:7)
  A wight (D:7)
  An orc wizard (D:7)
  2 orcs (D:7)
8 creatures vanquished.

Grand Total: 249 creatures vanquished

Notes
Turn   | Place    | Note
-------+----------+-------------------------------------------
     0 | D:1      | Amelense the Kobold Enchanter began the quest for the Orb.
     0 | D:1      | Reached XP level 1. HP: 10/10 MP: 3/3
    37 | D:1      | Reached XP level 2. HP: 15/15 MP: 5/5
    63 | D:1      | Learned a level 2 spell: Ensorcelled Hibernation
    80 | D:1      | Reached skill level 5 in Stealth
   432 | D:1      | Reached XP level 3. HP: 19/19 MP: 6/6
  1269 | D:2      | Noticed Robin
  1428 | D:2      | Noticed Terence
  1460 | D:1      | Killed Terence
  1461 | D:1      | Reached XP level 4. HP: 21/24 MP: 2/7
  1658 | D:1      | Killed Robin
  1784 | D:2      | Reached skill level 6 in Stealth
  1988 | D:2      | Reached XP level 5. HP: 28/28 MP: 8/8
  2756 | D:3      | Identified the +8 hand axe "Ewimal" {freeze, rF+ Str+3
                  | Int+5}
  2946 | D:3      | Identified the +2 ring mail of Insecurity {^Contam rN+
                  | Str+2 SInv}
  2979 | D:3      | Found a glowing drain.
  2983 | Sewer    | Entered a sewer
  3045 | Sewer    | Noticed a brain worm
  3049 | Sewer    | Killed a brain worm
  3050 | Sewer    | Reached skill level 7 in Stealth
  3050 | Sewer    | Reached skill level 1 in Ice Magic
  3050 | Sewer    | Reached XP level 6. HP: 33/33 MP: 10/10
  3665 | Sewer    | Reached skill level 8 in Stealth
  3665 | Sewer    | Reached XP level 7. HP: 37/37 MP: 2/11
  4822 | D:4      | Reached skill level 9 in Stealth
  5017 | D:4      | Found Waogg's Weapon Shoppe.
  5114 | D:4      | Reached skill level 1 in Fighting
  5114 | D:4      | Reached XP level 8. HP: 43/43 MP: 13/13
  5212 | D:4      | You fall into a shaft and drop 2 floors!
  5227 | D:5      | Entered Level 5 of the Dungeon
  5287 | D:5      | Noticed Ijyb
  5352 | D:5      | Killed Ijyb
  5353 | D:5      | Reached skill level 10 in Stealth
  5823 | D:4      | Learned a level 3 spell: Tukima's Dance
  5827 | D:4      | Learned a level 3 spell: Dazzling Flash
  6976 | D:5      | Reached skill level 11 in Stealth
  7238 | D:5      | Found a staircase to the Ecumenical Temple.
  7245 | Temple   | Entered the Ecumenical Temple
  7266 | Temple   | Became a worshipper of Dithmenos the Shadowed
  7698 | D:5      | Found a bloodstained altar of Trog.
  7795 | D:5      | Found a glowing silver altar of Zin.
  7977 | D:5      | Reached XP level 9. HP: 47/47 MP: 15/15
  8144 | D:6      | Found an ancient bone altar of Kikubaaqudgha.
  8481 | D:6      | Reached skill level 12 in Stealth
  8486 | D:6      | Reached * piety under Dithmenos
  9327 | D:7      | Reached skill level 13 in Stealth
  9409 | D:7      | Found a runed translucent gate.
  9409 | D:7      | Found a runed translucent gate.
  9410 | D:7      | Found a runed translucent gate.
  9442 | D:7      | Reached skill level 5 in Short Blades
  9478 | D:7      | Killed Duvessa
  9516 | D:7      | Found a burning altar of Makhleb.
  9570 | D:7      | Learned a level 1 spell: Slow
  9574 | D:7      | Learned a level 3 spell: Sigil of Binding
  9638 | D:7      | Found a hazy altar of Hepliaklqana.
  9698 | D:7      | Noticed Dowan
  9717 | D:7      | Killed Dowan
  9919 | D:7      | Reached skill level 5 in Spellcasting
  9919 | D:7      | Reached skill level 5 in Hexes
  9929 | D:7      | Reached skill level 14 in Stealth
  9936 | D:7      | Reached XP level 10. HP: 53/53 MP: 8/17
 10099 | D:7      | Reached ** piety under Dithmenos
 10192 | D:7      | Identified the +7 chain mail "Qepted" {Fly Regen+ Dex+2
                  | Stlth+}
 10193 | D:7      | Noticed Couri's ghost (novice OnWr)
 10359 | D:7      | HP: 2/53 [Couri's ghost (38)]
 10596 | D:7      | Killed Couri's ghost
 10597 | D:7      | Reached skill level 15 in Stealth
 11052 | D:8      | Mangled by a killer bee

Illustrated notes

Levels and vault maps discovered:
D:1:      lightli_arrival_farm, layout_basic
D:2:      layout_rooms, serial_corexii_hall, corexii_hall_statues_i,
          chequers_hall_statues_wall_a, uniq_terence, uniq_robin
D:3:      layout_basic, gup_sewer_entry_bowl
D:4:      layout_cave_pods, serial_shops, nicolae_stop_n_shop_2,
          chequers_serial_rivers_micro_e, grunt_ministairs_3, st_stairs_6,
          minmay_misc_feat_ornament, kennysheep_opposing_triangles
D:5:      layout_loops_cross, mainiacjoe_overflow_alcove_2, trog_butcher_becter,
          minmay_temple_entry_nine_rooms, uniq_ijyb
D:6:      layout_basic, lemuel_round_altar
D:7:      layout_basic, worldfamousw_hep_ancestral_shrine,
          mainiacjoe_overflow_surrounded_room, biasface_ghost_orc_armoury,
          serial_library_hellmonk_room_a, lemuel_flamethrower_2, uniq_duvessa
D:8:      minmay_general_purpose_star, layout_cave_pods, lemuel_crystal_altar,
          uniq_pikel, uniq_maurice
Temple:   nicolae_temple_x_marks_the_god

Skill      XL: |  1  2  3  4  5  6  7  8  9 10 |
---------------+-------------------------------+-----
Stealth        | 5 6 7 8 9 11 14 15 | 15.2
Dodging        | 3 |  3.8
Short Blades   | 2 3 4 5 |  5.8
Ice Magic      | 1 2 3 |  3.0
Spellcasting   | 3 4 5 |  5.5
Fighting       | 1 2 |  2.4
Hexes          | 4 5 |  5.7

Action                     |  1- 3 |  4- 6 |  7- 9 | 10-12 || total
---------------------------+-------+-------+-------+-------++-------
  Melee: Dagger            |    56 |   126 |   346 |    83 ||   611
         Punch             |     1 |       |     7 |       ||     8
         Unarmed           |       |       |    11 |       ||    11
  Throw: Dart              |       |       |     1 |       ||     1
   Cast: Ensorcelled Hiber |    11 |    44 |    94 |     6 ||   155
         Tukima's Dance    |       |       |     9 |     1 ||    10
         Dazzling Flash    |       |       |     1 |       ||     1
         Slow              |       |       |     1 |     2 ||     3
         Sigil of Binding  |       |       |       |     2 ||     2
    Use: Potion            |     1 |     1 |     2 |     2 ||     6
         Scroll            |       |     2 |     9 |     2 ||    13
   Stab: Sleeping          |    29 |    40 |    78 |    10 ||   157
         Invisible         |     3 |     2 |     5 |       ||    10
         Distracted        |       |       |     1 |       ||     1
 Armour: Robe              |    18 |    33 |   116 |    19 ||   186
         Skin              |       |       |     2 |       ||     2
  Dodge: Dodged            |    62 |    94 |   337 |    36 ||   529
